 Dungeon Crawl Stone Soup version 0.29.1-1-gd02db6906a (webtiles) character file.

Game seed: 128539385035728553

1901 Iusername the Carver (level 8, 0/70 HPs)
             Began as a Minotaur Fighter on Sept 16, 2022.
             Was a Believer of Dithmenos.
             Slain by a lemure (1 damage)
             ... led by Pikel
             ... on level 7 of the Dungeon.
             The game lasted 00:16:30 (8479 turns).

Iusername the Carver (Minotaur Fighter)             Turns: 8479, Time: 00:16:31

Health: 0/70       AC: 12    Str: 22    XL:     8   Next: 94%
Magic:  7/7        EV: 10    Int:  5    God:    Dithmenos [**....]
Gold:   357        SH:  5    Dex: 11    Spells: 7/7 levels left

rFire   . . .      SeeInvis .   a - +0 long sword
rCold   + . .      Faith    .   c - +0 buckler
rNeg    . . .      Spirit   .   b - +0 scale mail
rPois   .          Reflect  .   (helmet restricted)
rElec   .          Harm     .   o - +0 cloak
rCorr   .          Rampage  .   (no gloves)
Will    .....                   i - +0 pair of boots
Stlth   ..........              f - amulet of the acrobat
HPRegen 0.21/turn               (no ring)
MPRegen 0.10/turn               (no ring)

@: wreathed by umbra
A: horns 2, retaliatory headbutt, iridescent scales 1, cold resistance 1
a: Renounce Religion, Shadow Step


You were on level 7 of the Dungeon.
You worshipped Dithmenos.
Dithmenos was pleased with you.
You visited 1 branch of the dungeon, and saw 7 of its levels.
You also visited: Sewer.

You collected 357 gold pieces.

Inventory:

Hand Weapons
 a - a +0 long sword (weapon)
Armour
 b - a +0 scale mail (worn)
 c - a +0 buckler (worn)
 i - a +0 pair of boots (worn)
 o - a +0 cloak (worn)
Jewellery
 f - an amulet of the acrobat (around neck)
 k - a ring of poison resistance
Scrolls
 g - 3 scrolls of teleportation
 q - a scroll of magic mapping
Potions
 d - 4 potions of might
 e - 4 potions of curing
 h - a potion of mutation
 j - 2 potions of resistance
 l - a potion of ambrosia
 m - a potion of haste {unknown}
 p - a potion of attraction {unknown}
 s - 5 potions of lignification {unknown}
 t - 3 potions of brilliance


   Skills:
 + Level 6.3 Fighting
 + Level 8.8 Long Blades
 + Level 7.8 Armour
 + Level 3.5 Dodging
 + Level 0.9 Stealth
 + Level 6.0 Shields
 + Level 0.7 Evocations


You had 7 spell levels left.
You didn't know any spells.
Your spell library contained the following spells:

 Spells                   Type           Power      Damage    Failure   Level
 Inner Flame              Hex/Fire       0%         N/A       99%         3
 Cause Fear               Hex            0%         N/A       100%        4
 Discord                  Hex            0%         N/A       100%        8


Dungeon Overview and Level Annotations

Branches:
Dungeon (7/15)              Sewer (visited)
 Temple: D:4-7

Altars:
Dithmenos
Elyvilon
Gozag
Nemelex Xobeh
Qazlal
Ru
Sif Muna
Trog
Xom
Yredelemnul

Annotations:
D:5 3 runed translucent doors, MDMotsinger's ghost, amateur DrTm; gdog's ghost, weakling GnDe; masschaos23's ghost, novice HOFi; raincastle's ghost, novice MiBe
D:7 Pikel


Innate Abilities, Weirdness & Mutations

You have a pair of horns on your head.
You reflexively headbutt those who attack you in melee.
You are partially covered in iridescent scales. (AC +2)
Your flesh is cold resistant. (rC+)


Message History

The iguana bites you but does no damage.
The lemure hits you.
* * * LOW HITPOINT WARNING * * *
The lemure hits you.
* * * LOW HITPOINT WARNING * * *
You hit Pikel but do no damage. You headbutt Pikel!
Pikel is almost dead.
Pikel hits you with a +2 whip of electrocution.
* * * LOW HITPOINT WARNING * * *
The lemure barely misses you. The lemure hits you but does no damage.
The iguana bites you.
* * * LOW HITPOINT WARNING * * *
The lemure closely misses you. The lemure barely misses you.
You furiously retaliate!
You headbutt the lemure.
You feel much better. Pikel barely misses you. You block the lemure's attack.
The lemure hits you.
* * * LOW HITPOINT WARNING * * *
You block the iguana's attack. The lemure barely misses you.
The lemure hits you.
* * * LOW HITPOINT WARNING * * *
You hit Pikel but do no damage.
Pikel is almost dead.
Pikel hits you but does no damage. The lemure hits you but does no damage.
The lemure barely misses you. The iguana misses you.
You block the lemure's attack. The lemure hits you but does no damage.
You barely miss Pikel.
Pikel is almost dead.
Pikel barely misses you. The lemure barely misses you. The lemure hits you.
* * * LOW HITPOINT WARNING * * *
You block the iguana's attack. The lemure barely misses you.
The lemure hits you but does no damage.
You hit Pikel but do no damage.
Pikel is almost dead.
Pikel hits you with a +2 whip of electrocution!
* * * LOW HITPOINT WARNING * * *
You block the lemure's attack. The lemure hits you.
* * * LOW HITPOINT WARNING * * *
The iguana bites you but does no damage.
The lemure hits you.
You die...

#####...##
.......
###..#
.......
#...##.......
#............
#...##.......
#...#
#.###########
#...#
#...#.......#
#...#
#.l55.....#
#...#
#5@Kz.....
l...#
###5......
...## ###...#
.#. #


You could see Pikel, 4 lemures, an iguana and a wight.

Vanquished Creatures
  Sigmund (D:3)
  A shadow (D:6)
  An ogre (D:6)
  A phantom (D:5)
  A kobold brigand (D:6)
  A bullfrog (D:6)
  2 scorpions
  3 wights (D:6)
  4 killer bees (D:7)
  A howler monkey (D:6)
  A centaur zombie (D:3)
  2 jellies
  Crazy Yiuf (D:2)
  6 hounds
  An iguana (D:4)
  A scorpion zombie (D:3)
  2 orc wizards
  A hound zombie (D:3)
  Robin (D:3)
  7 gnolls
  A river rat (Sewer)
  12 adders
  2 shadow imps (D:7)
  An ufetubus (D:7)
  An adder zombie (D:3)
  2 dart slugs (D:4)
  3 worms
  17 orcs
  10 ball pythons
  15 endoplasms
  10 giant cockroaches
  16 goblins
  14 hobgoblins
  4 jackals (D:2)
  6 quokkas
  6 bats
  9 frilled lizards
  16 kobolds
  7 rats
191 creatures vanquished.

Vanquished Creatures (others)
  10 plants (D:2)
10 creatures vanquished.

Grand Total: 201 creatures vanquished

Notes
Turn   | Place    | Note
-------+----------+-------------------------------------------
     0 | D:1      | Iusername the Minotaur Fighter began the quest for the Orb.
     0 | D:1      | Reached XP level 1. HP: 19/19 MP: 0/0
   194 | D:1      | Reached XP level 2. HP: 27/27 MP: 1/1
   482 | D:1      | Found a faded altar of an unknown god.
   620 | D:1      | Reached XP level 3. HP: 28/33 MP: 2/2
  1182 | D:2      | Found a runed translucent door.
  1183 | D:2      | Noticed Crazy Yiuf
  1252 | D:2      | Killed Crazy Yiuf
  1253 | D:2      | Reached skill level 3 in Long Blades
  1511 | D:2      | Reached XP level 4. HP: 40/40 MP: 3/3
  1578 | D:2      | Found a shimmering altar of Xom.
  1813 | D:2      | Reached skill level 4 in Long Blades
  1819 | D:2      | Reached XP level 5. HP: 27/46 MP: 4/4
  2853 | D:3      | Noticed Robin
  3030 | D:3      | Killed Robin
  3067 | D:3      | Reached skill level 5 in Armour
  3344 | D:3      | Found a basalt altar of Yredelemnul.
  3372 | D:3      | Reached skill level 5 in Long Blades
  3372 | D:3      | Reached skill level 1 in Dodging
  3648 | D:3      | Found a shimmering blue altar of Sif Muna.
  3709 | D:3      | Reached XP level 6. HP: 53/53 MP: 5/5
  3754 | D:3      | Found a shadowy altar of Dithmenos.
  3765 | D:3      | Became a worshipper of Dithmenos the Shadowed
  3778 | D:3      | Found a white marble altar of Elyvilon.
  3812 | D:3      | Noticed Sigmund
  3815 | D:3      | Killed Sigmund
  3875 | D:3      | Found a sacrificial altar of Ru.
  3989 | D:4      | Found a glowing drain.
  4035 | Sewer    | Entered a sewer
  4116 | Sewer    | Reached skill level 6 in Long Blades
  4309 | Sewer    | Reached * piety under Dithmenos
  4879 | Sewer    | Found a viscous altar of Jiyva.
  4906 | Sewer    | Reached XP level 7. HP: 60/60 MP: 6/6
  4979 | Sewer    | Gained mutation: You passively map a small area around you.
                  | [potion of mutation]
  5159 | D:4      | Reached skill level 5 in Shields
  5160 | D:4      | Lost mutation: You passively map a small area around you.
                  | [potion of mutation]
  5160 | D:4      | Gained mutation: Your flesh is cold resistant. (rC+)
                  | [potion of mutation]
  5160 | D:4      | Gained mutation: You are partially covered in iridescent
                  | scales. (AC +2) [potion of mutation]
  5285 | D:4      | Found a bloodstained altar of Trog.
  5580 | D:4      | Reached ** piety under Dithmenos
  5996 | D:5      | Entered Level 5 of the Dungeon
  6020 | D:5      | Reached skill level 5 in Fighting
  6193 | D:5      | Found a sparkling altar of Nemelex Xobeh.
  6218 | D:5      | Reached skill level 7 in Long Blades
  6326 | D:5      | Found a runed translucent gate.
  6326 | D:5      | Found a runed translucent gate.
  6326 | D:5      | Found a runed translucent gate.
  6327 | D:5      | Noticed MDMotsinger's ghost (amateur DrTm)
  6327 | D:5      | Noticed gdog's ghost (weakling GnDe)
  6328 | D:5      | Noticed masschaos23's ghost (novice HOFi)
  6328 | D:5      | Noticed raincastle's ghost (novice MiBe)
  6328 | D:5      | Noticed masschaos23's ghost (novice HOFi)
  6537 | D:5      | Found an opulent altar of Gozag.
  6921 | D:6      | Found a stormy altar of Qazlal.
  6922 | D:6      | Noticed a shadow
  6932 | D:6      | HP: 3/61 [something (27)]
  6934 | D:6      | Killed a shadow
  6935 | D:6      | Reached XP level 8. HP: 27/68 MP: 7/7
  7393 | D:6      | Reached skill level 8 in Long Blades
  8460 | D:7      | Noticed Pikel
  8479 | D:7      | HP: 1/70 [lemure[Pikel] (5)]
  8479 | D:7      | Slain by a lemure

Illustrated notes

Levels and vault maps discovered:
D:1:      dpeg_arrival_subterranean_lakeside_camping, layout_basic,
          dreamdust_ecumenical_altar_angels_and_demons, nicolae_eternal_life
D:2:      layout_loops_corners, basic_altar, dk_noncrumbling_3,
          chequers_big_river, uniq_crazy_yiuf_cottage
D:3:      layout_loops_cross, nicolae_yredelemnul_corpse_copse,
          nicolae_overflow_quartered_altars, uniq_robin, uniq_sigmund
D:4:      layout_loops_corners, trog_three_pillars_becter, gup_sewer_entry_pipe,
          nicolae_concentric_dashed_squares_wild
D:5:      layout_loops_ring, old_standard_altar,
          mainiacjoe_overflow_cross_hatched, gammafunk_ghost_cemetery
D:6:      layout_basic, grunt_qazlal_sundering
D:7:      layout_basic, minmay_temple_entry_grid, serial_shops,
          nicolae_lakefront_shop, uniq_pikel

Skill      XL: |  1  2  3  4  5  6  7  8 |
---------------+-------------------------+-----
Fighting       | 4 5 6 |  6.3
Shields        | 4 5 6 |  6.0
Armour         | 4 5 6 7 |  7.8
Long Blades    | 3 4 5 6 7 8 |  8.8
Dodging        | 1 2 3 |  3.5
Stealth        | |  0.9
Evocations     | |  0.7

Action                   |  1- 3 |  4- 6 |  7- 9 || total
-------------------------+-------+-------+-------++-------
Melee: Long sword        |    79 |   223 |   264 ||   566
       Headbutt          |     8 |    30 |    34 ||    72
Evoke: Wand              |       |     3 |     5 ||     8
  Use: Scroll            |       |     7 |     5 ||    12
       Potion            |       |       |     7 ||     7
Armor: Scale mail        |    44 |    93 |   117 ||   254
Dodge: Dodged            |    45 |   130 |   242 ||   417
Block: Buckler           |    16 |    61 |    79 ||   156
